 Dungeon Crawl Stone Soup version 0.29.1-15-g9cfb28693d (webtiles) character file.

Game seed: 476467734034789566

10 ChrisAssaf the Magician (level 2, 0/19 HPs)
             Began as a Human Hedge Wizard on Apr 19, 2023.
             Slain by Terence
             ... wielding a +0 mace
              (6 damage)
             ... on level 2 of the Dungeon.
             The game lasted 00:03:41 (804 turns).

ChrisAssaf the Magician (Human Hedge Wizard)         Turns: 804, Time: 00:03:42

Health: 0/19       AC:  2    Str: 10    XL:     2   Next: 30%
Magic:  3/6        EV: 12    Int: 14    God:
Gold:   29         SH:  0    Dex: 12    Spells: 1/7 levels left

rFire   . . .      SeeInvis .   g - +1 dagger (speed)
rCold   . . .      Faith    .   (no shield)
rNeg    . . .      Spirit   .   b - +0 robe
rPois   .          Reflect  .   c - +0 hat
rElec   .          Harm     .   (no cloak)
rCorr   .          Rampage  .   (no gloves)
Will    .....                   (no boots)
Stlth   ++........              (no amulet)
HPRegen 0.06/turn               (no ring)
MPRegen 0.10/turn               (no ring)

@: no status effects
A: no striking features
a: no special abilities


You were on level 2 of the Dungeon.
You visited 1 branch of the dungeon, and saw 2 of its levels.

You collected 29 gold pieces.

Inventory:

Hand Weapons
 a - a +3 dagger
 g - a +1 dagger of speed (weapon)
Armour
 b - a +0 robe (worn)
 c - a +0 hat (worn)
Jewellery
 e - an amulet of faith
Wands
 i - a wand of flame (12)
Potions
 d - a potion of magic
 f - a potion of mutation {unknown}
 h - 2 potions of curing {unknown}


   Skills:
 * Level 0.2 Short Blades
 * Level 2.0 Dodging
 * Level 2.0 Stealth
 * Level 3.2 Spellcasting
 * Level 1.0 Conjurations
 * Level 0.6 Hexes
 * Level 1.0 Summonings
 * Level 1.0 Translocations


You had one spell level left.
You knew the following spells:

 Your Spells              Type           Power      Damage    Failure   Level
a - Magic Dart            Conj           20%        1d4       14%         1
b - Slow                  Hex            16%        N/A       16%         1
c - Call Imp              Summ           5%         N/A       21%         2
d - Blink                 Tloc           10%        N/A       21%         2

Your spell library contained the following spells:

 Spells                   Type           Power      Damage    Failure   Level
 Conjure Flame            Conj/Fire      3%         6-21      45%         3
 Mephitic Cloud           Conj/Pois/Air  3%         N/A       50%         3


Dungeon Overview and Level Annotations

Branches:
Dungeon (2/15)

Altars:

Annotations:
D:2 Terence


Message History

Found a fluorescent wand and a puce potion.
There is a stone staircase leading up here.
i - a wand of flame (12) Terence the Incautious comes into view.
He is wielding a +0 mace.
h - 2 puce potions (gained 1)
There are no items here.
Casting: Magic Dart (safe; 14% risk of failure)
Confirm with . or Enter, or press ? or * to list all spells.
A metallic apparition takes form in the air.
What are your orders? t - Shout!
Orders for allies: a - Attack new target. r - Retreat! s - Stop attacking. g - Guard the area. f - Follow me.
Anything else - Cancel.
Gang up on whom?
Press: ? - help, Dir - move target, f - Terence
Aim: Terence, wielding a +0 mace and wearing a +0 chain mail (ally target) Attack!
Terence misses you.
Unknown command.
Casting: Call Imp (safe; 21% risk of failure)
Confirm with . or Enter, or press ? or * to list all spells.
Aiming: Slow (safe; 16% risk of failure)
Press: ? - help, Shift-Dir - straight line, f/p - Terence
Aim: Terence, wielding a +0 mace and wearing a +0 chain mail (ally target, chance to affect: 49%) Terence resists with some effort.
Terence barely misses you.
Unknown command.
Casting: Slow (safe; 16% risk of failure)
Confirm with . or Enter, or press ? or * to list all spells.
Aiming: Slow (safe; 16% risk of failure)
Press: ? - help, Shift-Dir - straight line, f/p - Terence
Aim: Terence, wielding a +0 mace and wearing a +0 chain mail (ally target, chance to affect: 49%) Terence resists with some effort.
Your iron imp hits Terence but does no damage.
Terence hits you with a +0 mace!
Ouch! That really hurt!
Your iron imp hits Terence but does no damage.
Terence hits you with a +0 mace.
Your iron imp hits Terence.
Terence attacks as you move away! Terence hits you with a +0 mace.
You die...

.. # .# #. ..#
#..########..##
#.............#
#.........#....
..........#.#.#.
#.....@........
#.....5@.###.###
................#
.
##.####+#.###.#.#
.. .. #.###.#.#
... .
#.....#.#....
#...#........
#.#.......#..
#....<..#....
#.........##.


You could see Terence (ally target) and a friendly iron imp (summoned).

Vanquished Creatures
  A hobgoblin (D:1)
  A quokka (D:1)
  A ball python (D:1)
  2 bats (D:1)
  3 rats (D:1)
8 creatures vanquished.

Vanquished Creatures (collateral kills)
  A goblin (D:1)
  A hobgoblin (D:1)
2 creatures vanquished.

Grand Total: 10 creatures vanquished

Notes
Turn   | Place    | Note
-------+----------+-------------------------------------------
     0 | D:1      | ChrisAssaf the Human Hedge Wizard began the quest for the
                  | Orb.
     0 | D:1      | Reached XP level 1. HP: 13/13 MP: 4/4
     2 | D:1      | Learned a level 1 spell: Slow
   389 | D:1      | Reached XP level 2. HP: 3/19 MP: 4/6
   647 | D:1      | Learned a level 2 spell: Call Imp
   722 | D:1      | Learned a level 2 spell: Blink
   790 | D:2      | Noticed Terence
   804 | D:2      | Slain by Terence

Illustrated notes

Levels and vault maps discovered:
D:1:      reono_arrival_mine, layout_basic,
          nicolae_concentric_dashed_squares_wild
D:2:      layout_basic, shapermc_ecumenical_altar_starsandcircs, uniq_terence

Action                   || total
-------------------------++-------
Melee: Dagger            ||    19
 Cast: Magic Dart        ||     9
       Slow              ||     3
       Call Imp          ||     2
  Use: Scroll            ||     6
 Stab: Sleeping          ||     2
Armor: Robe              ||     3
Dodge: Dodged            ||    24
